Unix NetHack Version 5.0.0-0 post-release - last build May 17 2026 04:57:42 (dc50c8380fa5e20985bfe3072449f57b8d9895ef,branch:main).

Game began 2026-05-21 17:26:53, ended 2026-05-21 17:46:21.

Eymerich, chaotic male elven Priest

                                                                     ----
                                                                     |..---
                                                                  ----....|----
                                                                ---.|.....--..|
                                                                |....-........|
                                                                 -.......*...--
                                                                 --....%...@.--
                                                                  --.....-)...|
                                                                  ...|...h...--
                                                                 ------.......|
                                                                      --.....--
                                                                       |.....-
                                                                       --.....
                                                                        |....-
                                                                        --.---
                                                                         ---

Eymerich the Acolyte         St:16 Dx:11 Co:12 In:9 Wi:17 Ch:11  Chaotic
Dlvl:4  $:30 HP:0(29) Pw:48(48) AC:7  Xp:4 T:1378 

Latest messages:
 You swap places with Pinky.
 You see here 2 green gems.
 Pinky drops a candle.
 F - 2 green gems.
 The gnome wields a bow!
 You see here a candle.
 G - a candle.
 Pinky picks up an elven dagger.
 You see here 2 darts.
 o - 2 darts (at the ready) (20 in total).
 You see here a spear.
 z - a spear.
 Pinky drops an elven dagger.
 A trap door opens up under you!
 The hobbit wields a sling!
 The dwarf throws a dagger!
 A dagger misses you.
 The gnome picks up a tripe ration.
 The gnome picks up a dagger.
 The hobbit shoots a rock!
 You are hit by a rock.
 The gnome wields a dagger!
 The dwarf hits!
 The hobbit shoots a rock!
 You are hit by a rock.
 You hit the dwarf!
 You hit the dwarf.
 You kill the dwarf!
 Welcome to experience level 4.
 You feel awake!
 The gnome hits!
 You miss the gnome.
 The gnome hits!
 You kill the gnome!
 You see here a glass wand.
 H - a glass wand.
 The gnome thrusts his dagger.
 The gnome hits!
 You miss the gnome.
 The gnome thrusts his dagger.
 The gnome hits!
 What do you want to zap? [DH or ?*]
 In what direction?
 You kill the gnome!
 The hobbit picks up a rock.
 The hobbit wields a dagger!
 The hobbit throws a dagger!
 You are hit by a dagger.
 You die...
 Do you want your possessions identified? [ynq] (y)

Inventory:
 Coins    ('$')
  $ - 30 gold pieces
 Weapons  (')')
  s - 9 +0 crossbow bolts
  o - 20 +0 darts (at the ready)
  z - a +0 spear
  a - a blessed +1 mace (weapon in right hand)
 Armor    ('[')
  c - a +0 small shield (being worn)
  b - a +0 robe (being worn)
 Comestibles  ('%')
  e - a clove of garlic
  v - a cram ration
  l - 2 cursed lembas wafers
  f - a sprig of wolfsbane
  p - a lichen corpse
 Scrolls  ('?')
  r - a scroll of confuse monster
  y - a scroll of enchant armor
  j - a cursed scroll of identify
 Potions  ('!')
  w - 2 cursed potions of healing
  E - a potion of levitation
  u - a potion of oil
  d - a potion of holy water
 Wands    ('/')
  D - a wand of cold (0:2)
  H - a wand of create monster (0:12)
 Tools    ('(')
  m - a bag of holding named holding containing 5 items
  i - a wooden flute
  G - a tallow candle
 Gems/Stones  ('*')
  F - 2 worthless pieces of green glass
  n - a worthless piece of red glass named soft
  A - a worthless piece of white glass named soft
  B - 6 rocks

Contents of the bag of holding named holding:
  a +0 splint mail
  a spellbook of cure sickness
  a spellbook of healing
  a potion of healing
  3 potions of holy water

Eymerich the Priest's attributes:

Background:
 You were an Acolyte, a level 4 elven Priest.
 You were chaotic, nominally on a mission for Kos
 who was opposed by Issek (lawful) and Mog (neutral).
 You were right-handed.
 You were in the Gnomish Mines, on level 4.
 You entered the dungeon 1378 turns ago.
 You had 94 experience points, 66 more were needed to attain level 5.

Basics:
 You had 0 out of 29 hit points.
 You had all 48 energy points (spell power).
 Your armor class was 7.
 Your wallet contained 30 zorkmids.
 Autopickup was off.

Final Characteristics:
 Your strength was 16 (limit:18).
 Your dexterity was 11 (limit:18).
 Your constitution was 12 (limit:16).
 Your intelligence was 9 (limit:20).
 Your wisdom was 17 (limit:20).
 Your charisma was 11 (limit:18).

Final Status:
 You weren't hungry.
 You were unencumbered.
 You were wielding a mace.
 You had basic skill with mace.

Final Attributes:
 You were devoutly aligned.
 You were sleep resistant.
 You were poison resistant.
 You had infravision.
 You were guarded.
 Your spell casting was enhanced by wearing a robe.
 You are dead.

Miscellaneous:
 You didn't encounter any bones levels.
 Total elapsed playing time was 19 minutes and 27 seconds.

Major events:
 Turn
    1: Eymerich the chaotic elven Priest entered the dungeon
  674: attained the rank of Acolyte (level 3)
 1323: entered the Gnomish Mines
 1378: killed by a dagger

Spells:
 Name                 Level Category     Fail Retention
 healing                1   healing        0%  76%-100%
 cure sickness          3   healing       81%  76%-100%

Skills:
 Fighting Skills
   bare handed combat [Unskilled]
 Weapon Skills
   club               [Unskilled]
   mace               [Basic]
   morning star       [Unskilled]
   flail              [Unskilled]
   hammer             [Unskilled]
   quarterstaff       [Unskilled]
   polearms           [Unskilled]
   spear              [Unskilled]
   trident            [Unskilled]
   lance              [Unskilled]
   bow                [Unskilled]
   sling              [Unskilled]
   crossbow           [Unskilled]
   dart               [Unskilled]
   shuriken           [Unskilled]
   boomerang          [Unskilled]
   unicorn horn       [Unskilled]
 Spellcasting Skills
   healing spells     [Unskilled]
   divination spells  [Unskilled]
   clerical spells    [Basic]

Voluntary challenges:
 Character rerolling was not enabled.
 You were an atheist.
 You were illiterate.
 You never genocided any monsters.
 You never polymorphed an object.
 You never changed form.
 You used no wishes.
Achievements:
 You attained the rank of Acolyte.
 You entered the Gnomish Mines.

 The Dungeons of Doom: levels 1 to 3
    Level 1: "vault"
       An altar.
    Level 2: "vault"
       Stairs down to The Gnomish Mines.
    Level 3:
 The Gnomish Mines: levels 3 to 4
    Level 3:
    Level 4: <- You were here.
       Final resting place for
          you, killed by a dagger.


Vanquished creatures:
  a shrieker
  a dwarf
  a hobbit
  a giant rat
  a brown mold
  a yellow mold
  4 gnomes
  2 geckos
 10 jackals
  a fox
  2 kobolds
  a goblin
  4 grid bugs
  2 lichens
  4 newts
36 creatures vanquished.

No species were genocided or became extinct.

Game over:
                       ----------
                      /          \
                     /    REST    \
                    /      IN      \
                   /     PEACE      \
                  /                  \
                  |     Eymerich     |
                  |      30 Au       |
                  |   killed by a    |
                  |      dagger      |
                  |                  |
                  |                  |
                  |       2026       |
                 *|     *  *  *      | *
        _________)/\\_//(\/(/\)/\//\/|_)_______

Goodbye Eymerich the Priest...

You died in The Gnomish Mines on dungeon level 4 with 563 points,
and 30 pieces of gold, after 1378 moves.
You were level 4 with a maximum of 29 hit points when you died.

